 Dungeon Crawl Stone Soup version 0.28-a0-172-g787e458d71 (webtiles) character file.

Game seed: 15406284754262372490

228 bande the Covered (level 6, -1/38 HPs)
             Began as a Gargoyle Fighter on Aug 17, 2021.
             Slain by a small abomination (8 damage)
             ... on level 1 of the Abyss.
             The game lasted 00:04:25 (3004 turns).

bande the Covered (Gargoyle Fighter)                Turns: 3004, Time: 00:04:26

Health: -1/38      AC: 12    Str: 21    XL:     6   Next: 2%
Magic:  6/6        EV:  8    Int:  8    God:
Gold:   136        SH: 10    Dex: 14    Spells: 5/5 levels left

rFire   . . .      SeeInvis .   a - +1 war axe (vorpal)
rCold   . . .      Faith    .   c - +1 kite shield
rNeg    + . .      Spirit   .   b - +0 scale mail
rPois   ∞          Reflect  .   (no helmet)
rElec   +          Harm     .   h - +0 cloak
rCorr   .          Rampage  .   (no gloves)
Will    .....                   (no boots)
Stlth   +.........              (no amulet)
HPRegen 0.12/turn               (no ring)
MPRegen 0.10/turn               (no ring)

@: unable to read
A: sickness immunity, AC +4, negative energy resistance 1, electricity
resistance, torment resistance 1, petrification resistance, thin skeletal
structure 1, agile 1, inability to read while threatened
a: no special abilities


You were on level 1 of the Abyss.
You visited 1 branch of the dungeon, and saw 3 of its levels.
You visited the Abyss 1 time.

You collected 136 gold pieces.

Inventory:

Hand Weapons
 a - a +1 vorpal war axe (weapon)
 g - a +0 flail
Missiles
 f - 2 throwing nets (quivered)
Armour
 b - a +0 scale mail (worn)
 c - a +1 kite shield (worn)
 h - a +0 cloak (worn)
Scrolls
 j - a scroll of amnesia
 k - a scroll of blinking {unknown}
 l - a scroll of silence {unknown}
Potions
 d - a potion of might
 e - a potion of cancellation {unknown}
 i - a potion of brilliance
 m - a potion of invisibility {unknown}


   Skills:
 + Level 4.0 Fighting
 + Level 3.7 Axes
 + Level 4.5 Armour
 + Level 1.0 Dodging
 + Level 4.0 Shields


You had 5 spell levels left.
You didn't know any spells.
Your spell library was empty.

Dungeon Overview and Level Annotations

Branches:
Dungeon (3/15)

Altars:

Annotations:
D:3 Crazy Yiuf


Innate Abilities, Weirdness & Mutations

You are immune to sickness and miasma.
Your stone body is resilient. (AC +4)
You are immune to poison.
You resist negative energy. (rN+)
You are resistant to electric shocks. (rElec)
You are resistant to unholy torment.
You are immune to petrification.
You have a somewhat thin skeletal structure. (Dex +2, Stealth+)
You are agile. (Dex +2)
You sometimes lose the ability to read scrolls when taking damage.


Message History

You are covered in liquid flames!
You are no longer on fire.
The smoke demon hits you but does no damage. x3
You slash the smoke demon!
The smoke demon is moderately wounded.
The smoke demon hits you but does no damage.
The smoke demon barely misses you. The smoke demon completely misses you.
The smoke demon barely misses you. You block the smoke demon's attack.
The smoke demon hits you.
You hit the smoke demon.
The smoke demon is heavily wounded.
You block the smoke demon's attack. The smoke demon closely misses you.
The smoke demon hits you but does no damage.
You hit the smoke demon.
The smoke demon is severely wounded.
You slash the small abomination! You block the smoke demon's attack.
The smoke demon barely misses you. You block the smoke demon's attack.
The small abomination hits you!
You feel threatened and lose the ability to read scrolls!
* * * LOW HITPOINT WARNING * * *
The smoke demon gestures at you. The ball of steam misses you.
The small abomination barely misses you.
You slash the smoke demon!
The smoke demon is almost dead.
You hit the small abomination.
You are engulfed in a cloud of scalding steam.
* * * LOW HITPOINT WARNING * * *
You block the small abomination's attack.
The smoke demon closely misses you. You block the smoke demon's attack. x2
The small abomination hits you but does no damage.
You hit the smoke demon.
The smoke demon is almost dead.
You hit the small abomination.
The smoke demon hits you but does no damage.
The smoke demon completely misses you. You block the smoke demon's attack.
You block the small abomination's attack.
The smoke demon gestures at you. The sticky flame misses you.
The small abomination hits you!
You die...

# ## .#.#.#.. ....
#.#. .. ..#.#......
#.#..#.# ##..........
#.##.#.# #.......... .
# ....# #.#......###..
# ...###
#............. ##
.#.....#.............
. ...
##.#......x......
#....#..##.###@3...#..
. #..... ...#####.# #
...#.#..#....## # . ..
.#. .... .# . . .#.#.
#..#..# #.. ..# ##..#
.# .. ####. ...# .# #
. .. ... #.#..# . ...
#.#.#..#


You could see a smoke demon and a small abomination.

Vanquished Creatures
  A jelly (D:3)
  Natasha (thrice) (D:3)
  4 gnolls
  4 adders
  2 dart slugs (D:1)
  An orc (D:3)
  An endoplasm (D:1)
  3 giant cockroaches
  5 goblins
  3 hobgoblins (D:3)
  3 jackals (D:3)
  2 kobolds (D:3)
  2 quokkas
  2 ball pythons
  8 bats
  3 frilled lizards
  5 rats
52 creatures vanquished.

Notes
Turn   | Place    | Note
-------+----------+-------------------------------------------
     0 | D:1      | bande the Gargoyle Fighter began the quest for the Orb.
     0 | D:1      | Reached XP level 1. HP: 14/14 MP: 1/1
   203 | D:1      | Reached XP level 2. HP: 19/19 MP: 2/2
   778 | D:2      | Reached XP level 3. HP: 15/24 MP: 3/3
  1164 | D:1      | Reached XP level 4. HP: 15/29 MP: 4/4
  1662 | D:2      | Found a faded altar of an unknown god.
  1985 | D:3      | Gained mutation: You have a somewhat thin skeletal
                  | structure. (Dex +2, Stealth+) [potion of mutation]
  1985 | D:3      | Gained mutation: You sometimes lose the ability to read
                  | scrolls when taking damage. [potion of mutation]
  1985 | D:3      | Gained mutation: You are agile. (Dex +2) [potion of
                  | mutation]
  2128 | D:3      | Noticed Natasha
  2136 | D:3      | Killed Natasha
  2137 | D:3      | Reached XP level 5. HP: 22/33 MP: 5/5
  2296 | D:3      | Noticed Natasha
  2301 | D:3      | Killed Natasha
  2305 | D:3      | Noticed Natasha
  2314 | D:3      | Killed Natasha
  2860 | D:3      | Reached XP level 6. HP: 38/38 MP: 6/6
  2917 | D:3      | Reached skill level 1 in Dodging
  2940 | D:3      | Found a runed translucent door.
  2941 | D:3      | Noticed Crazy Yiuf
  2947 | D:3      | Cast into level 1 of the Abyss (Crazy Yiuf)
  2994 | Abyss:1  | Noticed a smoke demon
  2998 | Abyss:1  | Noticed a small abomination
  3004 | Abyss:1  | Slain by a small abomination

Illustrated notes

Levels and vault maps discovered:
D:1:      grunt_arrival_crossed_arrows, layout_loops_ring, minmay_tromino_i2
D:2:      layout_rooms, basic_ecumenical_altar
D:3:      layout_basic, uniq_crazy_yiuf_cottage, uniq_natasha
Abyss:1:  base:
D:3

Skill      XL: |  1  2  3  4  5  6 |
---------------+-------------------+-----
Axes           | 2 3 |  3.7
Armour         | 4 |  4.5
Fighting       | 4 |  4.0
Shields        | 4 |  4.0
Dodging        | 1 |  1.0

Action                   |  1- 3 |  4- 6 || total
-------------------------+-------+-------++-------
Melee: War axe           |    56 |   115 ||   171
  Use: Potion            |     1 |     1 ||     2
       Scroll            |       |     8 ||     8
 Stab: Sleeping          |       |     1 ||     1
Armor: Scale mail        |    30 |    76 ||   106
Dodge: Dodged            |    14 |    68 ||    82
Block: Kite shield       |    29 |    75 ||   104

Table legend: (Time is in decaauts)
 A = Elapsed time spent in this place.
 B = Non-inter-level travel time spent in this place.
 C = Inter-level travel time spent in this place.
 D = Time resting spent in this place.
 E = Time spent auto-exploring this place.
 F = Levels seen in this place.
 G = Mean time per level.
                   A        B        C        D        E       F      G
               +--------+--------+--------+--------+--------+-----+--------+
         Total |   3104 |   3088 |     16 |    597 |   1946 |   4 |  776.0 |
       Dungeon |   3044 |   3028 |     16 |    597 |   1904 |   3 | 1014.7 |
         Abyss |     60 |     60 |      0 |      0 |     42 |   1 |   60.0 |
               +--------+--------+--------+--------+--------+-----+--------+

Top non-repeatable levels by time:
     D:1: 1197 daAuts
     D:3: 1007 daAuts
     D:2: 838 daAuts
 Abyss:1: 60 daAuts
